Workbook

Sheet Dashboard
B2: INVESTMENTPORTFOLIO · ÜBERSICHT & KENNZAHLEN 2026
B4: Stand: manuelle Eingabe · Kurse bitte unter ‚Positionen' aktualisieren
B6: Gesamtwert (€) | C6: Investiert (€) | D6: Gewinn / Verlust (€) | E6: Rendite (%) | F6: Anzahl Positionen | G6: Jahresertrag (€)
B8: =IFERROR(SUM(Positionen!J2:J201),0) -> 296962.2 | C8: =IFERROR(SUM(Positionen!G2:G201),0) -> 270545.8 | D8: =IFERROR(SUM(Positionen!K2:K201),0) -> 26416.4 | E8: =IFERROR(SUM(Positionen!K2:K201)/SUM(Positionen!G2:G201),"") -> 0.097641139 | F8: =IFERROR(COUNTA(Positionen!A2:A201),0) -> 14 | G8: =IFERROR(SUM(Positionen!M2:M201),0) -> 8094
B10: ASSET-ALLOKATION nach Kategorie | E10: TOP 5 POSITIONEN nach Depotwert
B12: Kategorie | C12: Wert (€) | D12: Anteil (%) | E12: Wertpapier | F12: Kategorie | G12: Depotwert | H12: G/V %
B13: Aktien | C13: =IFERROR(SUMIF(Positionen!C$2:C$201,B13,Positionen!J$2:J$201),0) -> 24858.1 | D13: =IFERROR(C13/B$8,"") -> 0.08370796 | E13: =IFERROR(INDEX(Positionen!A$2:A$201,MATCH(LARGE(Positionen!J$2:J$201,1),Positionen!J$2:J$201,0)),"–") -> PORTFOLIOGESAMT | F13: =IFERROR(INDEX(Positionen!C$2:C$201,MATCH(LARGE(Positionen!J$2:J$201,1),Positionen!J$2:J$201,0)),"–") -> 0 | G13: =IFERROR(LARGE(Positionen!J$2:J$201,1),"–") -> 148481.1 | H13: =IFERROR(INDEX(Positionen!L$2:L$201,MATCH(LARGE(Positionen!J$2:J$201,1),Positionen!J$2:J$201,0)),"–") -> 0.097641139
B14: ETF / Fonds | C14: =IFERROR(SUMIF(Positionen!C$2:C$201,B14,Positionen!J$2:J$201),0) -> 24131 | D14: =IFERROR(C14/B$8,"") -> 0.0812595 | E14: =IFERROR(INDEX(Positionen!A$2:A$201,MATCH(LARGE(Positionen!J$2:J$201,2),Positionen!J$2:J$201,0)),"–") -> Dt. Staatsanleihe 2031 | F14: =IFERROR(INDEX(Positionen!C$2:C$201,MATCH(LARGE(Positionen!J$2:J$201,2),Positionen!J$2:J$201,0)),"–") -> Anleihen | G14: =IFERROR(LARGE(Positionen!J$2:J$201,2),"–") -> 94800 | H14: =IFERROR(INDEX(Positionen!L$2:L$201,MATCH(LARGE(Positionen!J$2:J$201,2),Positionen!J$2:J$201,0)),"–") -> -0.024691358
B15: Anleihen | C15: =IFERROR(SUMIF(Positionen!C$2:C$201,B15,Positionen!J$2:J$201),0) -> 94800 | D15: =IFERROR(C15/B$8,"") -> 0.31923255 | E15: =IFERROR(INDEX(Positionen!A$2:A$201,MATCH(LARGE(Positionen!J$2:J$201,3),Positionen!J$2:J$201,0)),"–") -> iShares Core S&P 500 | F15: =IFERROR(INDEX(Positionen!C$2:C$201,MATCH(LARGE(Positionen!J$2:J$201,3),Positionen!J$2:J$201,0)),"–") -> ETF / Fonds | G15: =IFERROR(LARGE(Positionen!J$2:J$201,3),"–") -> 17418 | H15: =IFERROR(INDEX(Positionen!L$2:L$201,MATCH(LARGE(Positionen!J$2:J$201,3),Positionen!J$2:J$201,0)),"–") -> 0.40649225
B16: Rohstoffe | C16: =IFERROR(SUMIF(Positionen!C$2:C$201,B16,Positionen!J$2:J$201),0) -> 4692 | D16: =IFERROR(C16/B$8,"") -> 0.015799991 | E16: =IFERROR(INDEX(Positionen!A$2:A$201,MATCH(LARGE(Positionen!J$2:J$201,4),Positionen!J$2:J$201,0)),"–") -> Novo Nordisk A/S | F16: =IFERROR(INDEX(Positionen!C$2:C$201,MATCH(LARGE(Positionen!J$2:J$201,4),Positionen!J$2:J$201,0)),"–") -> Aktien | G16: =IFERROR(LARGE(Positionen!J$2:J$201,4),"–") -> 7207.5 | H16: =IFERROR(INDEX(Positionen!L$2:L$201,MATCH(LARGE(Positionen!J$2:J$201,4),Positionen!J$2:J$201,0)),"–") -> 0.5015625
B17: Kryptowährungen | C17: =IFERROR(SUMIF(Positionen!C$2:C$201,B17,Positionen!J$2:J$201),0) -> 0 | D17: =IFERROR(C17/B$8,"") -> 0 | E17: =IFERROR(INDEX(Positionen!A$2:A$201,MATCH(LARGE(Positionen!J$2:J$201,5),Positionen!J$2:J$201,0)),"–") -> Microsoft Corp. | F17: =IFERROR(INDEX(Positionen!C$2:C$201,MATCH(LARGE(Positionen!J$2:J$201,5),Positionen!J$2:J$201,0)),"–") -> Aktien | G17: =IFERROR(LARGE(Positionen!J$2:J$201,5),"–") -> 4749.6 | H17: =IFERROR(INDEX(Positionen!L$2:L$201,MATCH(LARGE(Positionen!J$2:J$201,5),Positionen!J$2:J$201,0)),"–") -> 0.49189597
B18: Liquidität | C18: =IFERROR(SUMIF(Positionen!C$2:C$201,B18,Positionen!J$2:J$201),0) -> 0 | D18: =IFERROR(C18/B$8,"") -> 0
B19: Sonstiges | C19: =IFERROR(SUMIF(Positionen!C$2:C$201,B19,Positionen!J$2:J$201),0) -> 0 | D19: =IFERROR(C19/B$8,"") -> 0
B20: JAHRESÜBERSICHT – Monatliche Einzahlungen & Depotwert
B21: Monat | C21: Einzahlung (€) | D21: Kumuliert (€) | E21: Depotwert (€) | F21: Rendite p.M. (%)
B22: Jan | C22: 1000 | D22: =IFERROR(C22,0) -> 1000 | E22: 10200 | F22: =IFERROR((E22-D22)/D22,"") -> 9.2
B23: Feb | C23: 1000 | D23: =IFERROR(D22+C23,0) -> 2000 | E23: 11500 | F23: =IFERROR((E23-E22-C23)/E22,"") -> 0.029411765
B24: Mär | C24: 500 | D24: =IFERROR(D23+C24,0) -> 2500 | E24: 12100 | F24: =IFERROR((E24-E23-C24)/E23,"") -> 0.0086956522
B25: Apr | C25: 1500 | D25: =IFERROR(D24+C25,0) -> 4000 | E25: 13900 | F25: =IFERROR((E25-E24-C25)/E24,"") -> 0.024793388
B26: Mai | C26: 1000 | D26: =IFERROR(D25+C26,0) -> 5000 | E26: 14750 | F26: =IFERROR((E26-E25-C26)/E25,"") -> -0.010791367
B27: Jun | C27: 1000 | D27: =IFERROR(D26+C27,0) -> 6000 | E27: 15800 | F27: =IFERROR((E27-E26-C27)/E26,"") -> 0.0033898305
B28: Jul | C28: 800 | D28: =IFERROR(D27+C28,0) -> 6800 | E28: 16200 | F28: =IFERROR((E28-E27-C28)/E27,"") -> -0.025316456
B29: Aug | C29: 1200 | D29: =IFERROR(D28+C29,0) -> 8000 | E29: 17800 | F29: =IFERROR((E29-E28-C29)/E28,"") -> 0.024691358
B30: Sep | C30: 1000 | D30: =IFERROR(D29+C30,0) -> 9000 | E30: 18200 | F30: =IFERROR((E30-E29-C30)/E29,"") -> -0.033707865
B31: Okt | C31: 1000 | D31: =IFERROR(D30+C31,0) -> 10000 | E31: 19100 | F31: =IFERROR((E31-E30-C31)/E30,"") -> -0.0054945055
B32: Nov | D32: =IFERROR(D31+C32,0) -> 10000 | F32: =IFERROR((E32-E31-C32)/E31,"") -> -1
B33: Dez | D33: =IFERROR(D32+C33,0) -> 10000 | F33: =IFERROR((E33-E32-C33)/E32,"")
B35: ℹ Goldgelbe Zellen = Eingabefelder (manuelle Eingabe) · Blaue Zellen = automatisch berechnete Formeln · Kurse in Spalte I der Positionen manuell aktualisieren

Sheet Positionen
A1: Bezeichnung | B1: Ticker / ISIN | C1: Kategorie | D1: Anzahl Anteile | E1: Kaufkurs (€) | F1: Kaufdatum | G1: Einstandswert (€) | H1: Akt. Kurs (€) | I1: Kurs Währung | J1: Depotwert (€) | K1: G / V (€) | L1: G / V (%) | M1: Jahres- ertrag (€) | N1: Dividenden- rendite (%)
A2: iShares MSCI World | B2: IE00B4L5Y983 | C2: ETF / Fonds | D2: 45 | E2: 68.2 | F2: 12.03.2021 | G2: =IFERROR(D2*E2,"") -> 3069 | H2: 102.4 | I2: EUR | J2: =IFERROR(D2*H2,"") -> 4608 | K2: =IFERROR(J2-G2,"") -> 1539 | L2: =IFERROR(K2/G2,"") -> 0.50146628 | M2: 0
A3: iShares Core S&P 500 | B3: IE00B5BMR087 | C3: ETF / Fonds | D3: 30 | E3: 412.8 | F3: 05.06.2022 | G3: =IFERROR(D3*E3,"") -> 12384 | H3: 580.6 | I3: EUR | J3: =IFERROR(D3*H3,"") -> 17418 | K3: =IFERROR(J3-G3,"") -> 5034 | L3: =IFERROR(K3/G3,"") -> 0.40649225 | M3: 0 | N3: 0.0015
A4: SAP SE | B4: 716460 | C4: Aktien | D4: 18 | E4: 118.5 | F4: 14.09.2021 | G4: =IFERROR(D4*E4,"") -> 2133 | H4: 192.3 | I4: EUR | J4: =IFERROR(D4*H4,"") -> 3461.4 | K4: =IFERROR(J4-G4,"") -> 1328.4 | L4: =IFERROR(K4/G4,"") -> 0.62278481 | M4: 126 | N4: 0.0138
A5: Siemens AG | B5: 723610 | C5: Aktien | D5: 22 | E5: 132.4 | F5: 20.01.2022 | G5: =IFERROR(D5*E5,"") -> 2912.8 | H5: 178.8 | I5: EUR | J5: =IFERROR(D5*H5,"") -> 3933.6 | K5: =IFERROR(J5-G5,"") -> 1020.8 | L5: =IFERROR(K5/G5,"") -> 0.35045317 | M5: 220 | N5: 0.028
A6: BASF SE | B6: BASF11 | C6: Aktien | D6: 40 | E6: 46.1 | F6: 02.04.2022 | G6: =IFERROR(D6*E6,"") -> 1844 | H6: 43.7 | I6: EUR | J6: =IFERROR(D6*H6,"") -> 1748 | K6: =IFERROR(J6-G6,"") -> -96 | L6: =IFERROR(K6/G6,"") -> -0.052060738 | M6: 340 | N6: 0.078
A7: Novo Nordisk A/S | B7: A3EU6F | C7: Aktien | D7: 15 | E7: 320 | F7: 11.11.2022 | G7: =IFERROR(D7*E7,"") -> 4800 | H7: 480.5 | I7: EUR | J7: =IFERROR(D7*H7,"") -> 7207.5 | K7: =IFERROR(J7-G7,"") -> 2407.5 | L7: =IFERROR(K7/G7,"") -> 0.5015625 | M7: 0 | N7: 0.0105
A8: Microsoft Corp. | B8: 870747 | C8: Aktien | D8: 12 | E8: 265.3 | F8: 08.08.2021 | G8: =IFERROR(D8*E8,"") -> 3183.6 | H8: 395.8 | I8: USD | J8: =IFERROR(D8*H8,"") -> 4749.6 | K8: =IFERROR(J8-G8,"") -> 1566 | L8: =IFERROR(K8/G8,"") -> 0.49189597 | M8: 75 | N8: 0.0075
A9: Xtrackers MSCI EM | B9: DBX1EM | C9: ETF / Fonds | D9: 50 | E9: 36.8 | F9: 15.03.2023 | G9: =IFERROR(D9*E9,"") -> 1840 | H9: 42.1 | I9: EUR | J9: =IFERROR(D9*H9,"") -> 2105 | K9: =IFERROR(J9-G9,"") -> 265 | L9: =IFERROR(K9/G9,"") -> 0.14402174 | M9: 0
A10: Gold (Xetra) | B10: EWG2LD | C10: Rohstoffe | D10: 20 | E10: 158.4 | F10: 01.07.2023 | G10: =IFERROR(D10*E10,"") -> 3168 | H10: 234.6 | I10: EUR | J10: =IFERROR(D10*H10,"") -> 4692 | K10: =IFERROR(J10-G10,"") -> 1524 | L10: =IFERROR(K10/G10,"") -> 0.48106061 | M10: 0
A11: Dt. Staatsanleihe 2031 | B11: DE0001102580 | C11: Anleihen | D11: 1000 | E11: 97.2 | F11: 14.02.2023 | G11: =IFERROR(D11*E11,"") -> 97200 | H11: 94.8 | I11: EUR | J11: =IFERROR(D11*H11,"") -> 94800 | K11: =IFERROR(J11-G11,"") -> -2400 | L11: =IFERROR(K11/G11,"") -> -0.024691358 | M11: 3000 | N11: 0.031
A12: Vonovia SE | B12: A1ML7J | C12: Aktien | D12: 35 | E12: 21.5 | F12: 09.03.2023 | G12: =IFERROR(D12*E12,"") -> 752.5 | H12: 28.4 | I12: EUR | J12: =IFERROR(D12*H12,"") -> 994 | K12: =IFERROR(J12-G12,"") -> 241.5 | L12: =IFERROR(K12/G12,"") -> 0.32093023 | M12: 140 | N12: 0.04
A13: Allianz SE | B13: 840400 | C13: Aktien | D13: 10 | E13: 198.6 | F13: 17.05.2022 | G13: =IFERROR(D13*E13,"") -> 1986 | H13: 276.4 | I13: EUR | J13: =IFERROR(D13*H13,"") -> 2764 | K13: =IFERROR(J13-G13,"") -> 778 | L13: =IFERROR(K13/G13,"") -> 0.3917422 | M13: 146 | N13: 0.053
G14: =IFERROR(D14*E14,"") -> 0 | J14: =IFERROR(D14*H14,"") -> 0 | K14: =IFERROR(J14-G14,"") -> 0 | L14: =IFERROR(K14/G14,"")
G15: =IFERROR(D15*E15,"") -> 0 | J15: =IFERROR(D15*H15,"") -> 0 | K15: =IFERROR(J15-G15,"") -> 0 | L15: =IFERROR(K15/G15,"")
G16: =IFERROR(D16*E16,"") -> 0 | J16: =IFERROR(D16*H16,"") -> 0 | K16: =IFERROR(J16-G16,"") -> 0 | L16: =IFERROR(K16/G16,"")
G17: =IFERROR(D17*E17,"") -> 0 | J17: =IFERROR(D17*H17,"") -> 0 | K17: =IFERROR(J17-G17,"") -> 0 | L17: =IFERROR(K17/G17,"")
G18: =IFERROR(D18*E18,"") -> 0 | J18: =IFERROR(D18*H18,"") -> 0 | K18: =IFERROR(J18-G18,"") -> 0 | L18: =IFERROR(K18/G18,"")
G19: =IFERROR(D19*E19,"") -> 0 | J19: =IFERROR(D19*H19,"") -> 0 | K19: =IFERROR(J19-G19,"") -> 0 | L19: =IFERROR(K19/G19,"")
G20: =IFERROR(D20*E20,"") -> 0 | J20: =IFERROR(D20*H20,"") -> 0 | K20: =IFERROR(J20-G20,"") -> 0 | L20: =IFERROR(K20/G20,"")
G21: =IFERROR(D21*E21,"") -> 0 | J21: =IFERROR(D21*H21,"") -> 0 | K21: =IFERROR(J21-G21,"") -> 0 | L21: =IFERROR(K21/G21,"")
G22: =IFERROR(D22*E22,"") -> 0 | J22: =IFERROR(D22*H22,"") -> 0 | K22: =IFERROR(J22-G22,"") -> 0 | L22: =IFERROR(K22/G22,"")
G23: =IFERROR(D23*E23,"") -> 0 | J23: =IFERROR(D23*H23,"") -> 0 | K23: =IFERROR(J23-G23,"") -> 0 | L23: =IFERROR(K23/G23,"")
G24: =IFERROR(D24*E24,"") -> 0 | J24: =IFERROR(D24*H24,"") -> 0 | K24: =IFERROR(J24-G24,"") -> 0 | L24: =IFERROR(K24/G24,"")
G25: =IFERROR(D25*E25,"") -> 0 | J25: =IFERROR(D25*H25,"") -> 0 | K25: =IFERROR(J25-G25,"") -> 0 | L25: =IFERROR(K25/G25,"")
... G53: =IFERROR(D53*E53,"") -> 0 | J53: =IFERROR(D53*H53,"") -> 0 | K53: =IFERROR(J53-G53,"") -> 0 | L53: =IFERROR(K53/G53,"")
A54: PORTFOLIOGESAMT | G54: =IFERROR(SUM(G2:G53),0) -> 135272.9 | J54: =IFERROR(SUM(J2:J53),0) -> 148481.1 | K54: =IFERROR(SUM(K2:K53),0) -> 13208.2 | L54: =IFERROR(K54/G54,"") -> 0.097641139 | M54: =IFERROR(SUM(M2:M53),0) -> 4047
A56: ℹ Spalten B C D E F H I M N = manuelle Eingabe (gelb) · Spalten G J K L = automatisch berechnet (blau) · Kurs in Spalte H bei Bedarf manuell aktualisieren

Sheet Transaktionen
A1: Datum | B1: Bezeichnung | C1: Ticker | D1: Typ | E1: Anzahl | F1: Kurs (€) | G1: Transaktions- kosten (€) | H1: Gesamtwert (€) | I1: Konto / Broker | J1: ISIN | K1: Bemerkung | L1: Realisierter G/V (€)
A2: 12.03.2021 | B2: iShares MSCI World | C2: IE00B4L5Y983 | D2: Kauf | E2: 45 | F2: 68.2 | G2: 4.9 | H2: =IFERROR(ABS(E2)*F2+G2,"") -> 3073.9 | I2: Depot A | J2: IE00B4L5Y983 | K2: Erstinvestition
A3: 05.06.2022 | B3: iShares Core S&P 500 | C3: IE00B5BMR087 | D3: Kauf | E3: 30 | F3: 412.8 | G3: 4.9 | H3: =IFERROR(ABS(E3)*F3+G3,"") -> 12388.9 | I3: Depot A | J3: IE00B5BMR087 | K3: Sparplan
A4: 14.09.2021 | B4: SAP SE | C4: 716460 | D4: Kauf | E4: 18 | F4: 118.5 | G4: 8.5 | H4: =IFERROR(ABS(E4)*F4+G4,"") -> 2141.5 | I4: Depot A | J4: 716460 | K4: Langfristig
A5: 20.01.2022 | B5: Siemens AG | C5: 723610 | D5: Kauf | E5: 22 | F5: 132.4 | G5: 8.5 | H5: =IFERROR(ABS(E5)*F5+G5,"") -> 2921.3 | I5: Depot A | J5: 723610 | K5: Dividendentitel
A6: 02.04.2022 | B6: BASF SE | C6: BASF11 | D6: Kauf | E6: 40 | F6: 46.1 | G6: 6.5 | H6: =IFERROR(ABS(E6)*F6+G6,"") -> 1850.5 | I6: Depot A | J6: BASF11 | K6: Value-Ansatz
A7: 11.11.2022 | B7: Novo Nordisk A/S | C7: A3EU6F | D7: Kauf | E7: 15 | F7: 320 | G7: 10 | H7: =IFERROR(ABS(E7)*F7+G7,"") -> 4810 | I7: Depot A | J7: A3EU6F | K7: Wachstumstitel
A8: 08.08.2021 | B8: Microsoft Corp. | C8: 870747 | D8: Kauf | E8: 12 | F8: 265.3 | G8: 9.9 | H8: =IFERROR(ABS(E8)*F8+G8,"") -> 3193.5 | I8: Depot B | J8: 870747 | K8: Technologie
A9: 15.03.2023 | B9: Xtrackers MSCI EM | C9: DBX1EM | D9: Kauf | E9: 50 | F9: 36.8 | G9: 4.9 | H9: =IFERROR(ABS(E9)*F9+G9,"") -> 1844.9 | I9: Depot A | J9: DBX1EM | K9: Emerging Markets
A10: 01.07.2023 | B10: Gold (Xetra) | C10: EWG2LD | D10: Kauf | E10: 20 | F10: 158.4 | G10: 2 | H10: =IFERROR(ABS(E10)*F10+G10,"") -> 3170 | I10: Depot A | J10: EWG2LD | K10: Absicherung
A11: 14.02.2023 | B11: Dt. Staatsanleihe 2031 | C11: DE0001102580 | D11: Kauf | E11: 1000 | F11: 97.2 | G11: 5 | H11: =IFERROR(ABS(E11)*F11+G11,"") -> 97205 | I11: Depot A | J11: DE0001102580 | K11: Kapitalerhalt
A12: 09.03.2023 | B12: Vonovia SE | C12: A1ML7J | D12: Kauf | E12: 35 | F12: 21.5 | G12: 6.5 | H12: =IFERROR(ABS(E12)*F12+G12,"") -> 759 | I12: Depot A | J12: A1ML7J | K12: Immobilien-Sektor
A13: 17.05.2022 | B13: Allianz SE | C13: 840400 | D13: Kauf | E13: 10 | F13: 198.6 | G13: 7.5 | H13: =IFERROR(ABS(E13)*F13+G13,"") -> 1993.5 | I13: Depot A | J13: 840400 | K13: Versicherung
A14: 22.04.2024 | B14: Vonovia SE | C14: A1ML7J | D14: Teilverkauf | E14: -10 | F14: 26.8 | G14: 6.5 | H14: =IFERROR(ABS(E14)*F14+G14,"") -> 274.5 | I14: Depot A | J14: A1ML7J | K14: Gewinnmitnahme | L14: 53
A15: 08.01.2026 | B15: iShares MSCI World | C15: IE00B4L5Y983 | D15: Kauf | E15: 5 | F15: 98.3 | G15: 4.9 | H15: =IFERROR(ABS(E15)*F15+G15,"") -> 496.4 | I15: Depot A | J15: IE00B4L5Y983 | K15: Nachkauf Sparplan
A16: 15.02.2026 | B16: SAP SE | C16: 716460 | D16: Dividende | H16: =IFERROR(ABS(E16)*F16+G16,"") -> 0 | I16: Depot A | J16: 716460 | K16: Div. Q4 2025: 1,30€/Aktie | L16: 23.4
H17: =IFERROR(ABS(E17)*F17+G17,"") -> 0
H18: =IFERROR(ABS(E18)*F18+G18,"") -> 0
H19: =IFERROR(ABS(E19)*F19+G19,"") -> 0
H20: =IFERROR(ABS(E20)*F20+G20,"") -> 0
H21: =IFERROR(ABS(E21)*F21+G21,"") -> 0
H22: =IFERROR(ABS(E22)*F22+G22,"") -> 0
H23: =IFERROR(ABS(E23)*F23+G23,"") -> 0
H24: =IFERROR(ABS(E24)*F24+G24,"") -> 0
H25: =IFERROR(ABS(E25)*F25+G25,"") -> 0
H26: =IFERROR(ABS(E26)*F26+G26,"") -> 0
H27: =IFERROR(ABS(E27)*F27+G27,"") -> 0
H28: =IFERROR(ABS(E28)*F28+G28,"") -> 0
... H66: =IFERROR(ABS(E66)*F66+G66,"") -> 0
B67: SUMME TRANSAKTIONEN | H67: =IFERROR(SUM(H2:H66),0) -> 136122.9 | L67: =IFERROR(SUM(L2:L66),0) -> 76.4
A69: ℹ Alle gelben Felder manuell befüllen · Grün = Kauf / Dividende · Rot = Verkauf · Spalte H (Gesamtwert) wird automatisch berechnet
